 Dungeon Crawl Stone Soup version 0.19-a0-1456-gc747e27 (webtiles) character file.

255 Ryco the Ducker (level 5, 0/31 HPs)
             Began as a Demonspawn Gladiator on Sept 6, 2016.
             Was an Initiate of Okawaru.
             Slain by an iguana (8 damage)
             ... on level 4 of the Dungeon.
             The game lasted 00:11:23 (2117 turns).

Ryco the Ducker (Demonspawn Gladiator)              Turns: 2117, Time: 00:11:24

Health: 0/31       AC:  6    Str: 15 (16) XL:     5   Next: 91%
Magic:  5/5        EV: 14    Int:  8 (9)  God:    Okawaru [......]
Gold:   45         SH:  0    Dex: 13 (14) Spells: 0 memorised, 4 levels left

rFire  . . .     SeeInvis .     n - +0 hand axe
rCold  . . .     Gourm    .     b - +0 leather armour
rNeg   . . .     Faith    .     (no shield)
rPois  .         Spirit   .     c - +0 helmet
rElec  .         Dismiss  .     m - +1 cloak
rCorr  .         Reflect  .     (no gloves)
MR     .....     Harm     .     (no boots)
Stlth  +.........               (no amulet)
                                (no ring)
                                l - ring of flight

@: no status effects
A: claws 1, frail 2, rot immunity, MP-powered wands
a: Renounce Religion, Evoke Flight


You were on level 4 of the Dungeon.
You worshipped Okawaru.
Okawaru was noncommittal.
You were not hungry.

You visited 1 branch of the dungeon, and saw 5 of its levels.
You also visited: Sewer.

You collected 45 gold pieces.

Inventory:

Hand Weapons
 a - a +0 war axe
 n - a +0 hand axe (weapon)
 s - a +0 blowgun
Missiles
 t - 8 poisoned needles
Armour
 b - a +0 leather armour (worn)
 c - a +0 helmet (worn)
 m - a +1 cloak (worn)
Magical Staves
 d - an uncursed staff of wizardry {unknown}
Jewellery
 l - a ring of flight (left claw)
Scrolls
 h - a scroll of amnesia
 j - a scroll of fear
 k - a scroll of identify {unknown}
 r - a scroll of magic mapping {unknown}
Potions
 e - 2 potions of flight
 i - a potion of curing
 o - a potion of haste
Comestibles
 f - 3 bread rations
 g - 2 beef jerkies
 p - 2 meat rations


   Skills:
 + Level 2.5 Fighting
 * Level 4.4 Axes
 - Level 1.7 Throwing
 + Level 4.5 Dodging
 + Level 0.2 Stealth


You had 4 spell levels left.
You didn't know any spells.

Dungeon Overview and Level Annotations

Branches:
Dungeon (5/15)
 Temple: D:4-7

Altars:
Okawaru

Annotations:
D:3 Ryco's ghost, amateur DsGl
D:4 Ryco's ghost, weakling DsGl


Innate Abilities, Weirdness & Mutations

You have sharp fingernails.
You are immune to rotting.
You are very frail. (-20% HP)
You expend magic power (3 MP) to strengthen your wands.


Message History

You hit the iguana.
The iguana is severely wounded.
The iguana closely misses you.
You closely miss the iguana.
The iguana is severely wounded.
The iguana closely misses you.
You closely miss the iguana.
The iguana is severely wounded.
The iguana bites you!
* * * LOW HITPOINT WARNING * * *
You are too injured to fight recklessly!
You are too injured to fight recklessly!
You are too injured to fight recklessly!
You closely miss the iguana.
The iguana is severely wounded.
The iguana misses you. The iguana barely misses you.
You closely miss the iguana.
The iguana is severely wounded.
The iguana bites you!
You die...

###.#
###
.....
#..
.....
#.# #.#
# #.# #
#.# #
#l# # #
#@#
######
.##.#
#.#
#....#
#.. #.#
#.#####
.## #.#
#ยง# #.#
# #.#
#.# #.#
# #.#
#.# #.#
# #.##
#.# #.#
# #.#.##
#l###.#
#
#.###.##
#.....#


You could see an iguana.

Vanquished Creatures
  A big kobold (Sewer)
  8 adders
  2 gnolls (D:3)
  An ooze (Sewer)
  2 worms
  4 giant geckos
  An orc (D:3)
  3 ball pythons
  8 giant cockroaches
  4 hobgoblins
  9 jackals
  6 bats
  5 giant newts
  9 goblins
  13 kobolds
  6 rats
82 creatures vanquished.

Notes
Turn   | Place    | Note
-------+----------+-------------------------------------------
     0 | D:1      | Ryco the Demonspawn Gladiator began the quest for the Orb.
     0 | D:1      | Reached XP level 1. HP: 16/16 MP: 1/1
    79 | D:1      | Gained mutation: You are immune to rotting. [demonic ancestry]
    79 | D:1      | Reached XP level 2. HP: 7/22 MP: 2/2
   548 | D:2      | Reached XP level 3. HP: 17/27 MP: 3/3
   854 | D:3      | Reached XP level 4. HP: 33/33 MP: 4/4
   862 | D:3      | Found an iron altar of Okawaru.
   870 | D:3      | Became a worshipper of Warmaster Okawaru
   931 | D:3      | Noticed Ryco's ghost (amateur DsGl)
  1171 | D:3      | Found a glowing drain.
  1180 | Sewer    | Entered a sewer
  1194 | Sewer    | Gained mutation: You have sharp fingernails. [demonic ancestry]
  1194 | Sewer    | Reached XP level 5. HP: 34/38 MP: 5/5
  1393 | Sewer    | Gained mutation: You are frail. (-10% HP) [potion of mutation]
  1393 | Sewer    | Gained mutation: You expend magic power (3 MP) to strengthen your wands. [potion of mutation]
  1393 | Sewer    | Gained mutation: You are very frail. (-20% HP) [potion of mutation]
  1511 | D:4      | Noticed Ryco's ghost (weakling DsGl)
  1794 | D:4      | HP: 1/31 [iguana (9)]
  1873 | D:5      | Entered Level 5 of the Dungeon
  2117 | D:4      | Slain by an iguana

Vault maps used:
D:1:      dpeg_arrival_water_altar, serial_park_tiny_pond
D:3:      portal_sewer_entry_f, okawaru_altar_gauntlet_db
D:4:      grunt_dithmenos_shadows
D:5:      first_bread, lemuel_blue_sif_altar, uniq_grinder, uniq_sigmund,
          uniq_prince_ribbit1
Sewer:    sewer_co_15_rooms

Skill      XL: |  1  2  3  4  5 |
---------------+----------------+-----
Dodging        | 3 4 |  4.5
Axes           | 3 4 |  4.4
Fighting       | |  2.5
Throwing       | |  1.7
Stealth        | |  0.2

Action                   |  1- 3 |  4- 6 || total
-------------------------+-------+-------++-------
Melee: War axe           |   114 |    31 ||   145
       Hand axe          |       |   152 ||   152
Throw: Throwing net      |     4 |     1 ||     5
 Abil: Evoke Flight      |       |     2 ||     2
  Use: Scroll            |     6 |     1 ||     7
       Potion            |     3 |     5 ||     8
 Stab: Held in net/web   |     1 |       ||     1
  Eat: Chunk             |       |     2 ||     2
       Royal jelly       |       |     1 ||     1
       Beef jerky        |       |     1 ||     1
Armor: Leather armour    |    41 |    73 ||   114
Dodge: Dodged            |   103 |   151 ||   254
